 Dungeon Crawl Stone Soup version 0.24-a0-507-g3e8b242632 (webtiles) character file.

Game seed: 16477564867808030439

250 KristoblXynda the Slasher (level 5, 0/47 HPs)
             Began as a Draconian Berserker on July 18, 2019.
             Was a Believer of Trog.
             Slain by a gnoll
             ... wielding a +0 flail
              (9 damage)
             ... on level 4 of the Dungeon.
             The game lasted 00:04:06 (2634 turns).

KristoblXynda the Slasher (Draconian Berserker)     Turns: 2634, Time: 00:04:06

Health: 0/47       AC:  5    Str: 20    XL:     5   Next: 88%
Magic:  5/5        EV: 13    Int:  8    God:    Trog [**....]
Gold:   233        SH:  3    Dex: 10    Spells: 4/4 levels left

rFire    . . .     SeeInvis .   a - +0 falchion
rCold    . . .     Gourm    .   (no shield)
rNeg     . . .     Faith    .   (armour unavailable)
rPois    .         Spirit   .   (helmet restricted)
rElec    .         Reflect  +   (no cloak)
rCorr    .         Harm     .   (no gloves)
MR       .....                  (no boots)
Stlth    +.........             i - +3 amulet of reflection
HPRegen  0.15/turn              (no ring)
MPRegen  0.09/turn              (no ring)

@: no status effects
A: unfitting armour, cold-blooded, AC +5
a: Berserk, Trog's Hand, Renounce Religion


You were on level 4 of the Dungeon.
You worshipped Trog.
Trog was pleased with you.
You were not hungry.

You visited 1 branch of the dungeon, and saw 4 of its levels.

You collected 233 gold pieces.

Inventory:

Hand Weapons
 a - a +0 falchion (weapon)
Jewellery
 i - a +3 amulet of reflection (around neck)
 o - an uncursed ring of fire
Scrolls
 d - 2 scrolls of remove curse
 e - a scroll of teleportation
Potions
 c - a potion of berserk rage
 j - a potion of brilliance {unknown}
 k - 3 potions of mutation
 m - 2 potions of resistance
 q - a potion of flight {unknown}
 r - a potion of ambrosia {unknown}
 t - a potion of curing {unknown}
Comestibles
 b - 8 rations


   Skills:
 + Level 4.4 Fighting
 * Level 4.7 Long Blades
 + Level 2.0 Throwing
 + Level 3.6 Dodging


You had 4 spell levels left.
You didn't know any spells.
Your spell library was empty.

Dungeon Overview and Level Annotations

Branches:
Dungeon (4/15)
 Temple: D:4-7

Altars:
Fedhas
Kikubaaqudgha


Innate Abilities, Weirdness & Mutations

Your plain brown scales are hard. (AC +5)
You cannot fit into any form of body armour.
You are cold-blooded and may be slowed by cold attacks.


Message History

You tail-slap the worker ant, but do no damage.
The worker ant is severely wounded.
The worker ant closely misses you.
You riposte.
You barely miss the worker ant. You tail-slap the worker ant.
The worker ant is severely wounded.
Unknown command.
You closely miss the worker ant.
Your tail-slap misses the worker ant.
The worker ant is severely wounded.
You block the worker ant's attack.
You hit the worker ant.
You kill the worker ant!
Trog accepts your kill.
You hear the brisk rusting of a distant drain.
You closely miss something. You block something's attack.
You hit something. Something hits you.
The gnoll shouts!
You hit something. Something hits you!
* * * LOW HITPOINT WARNING * * *
You closely miss something.
The phantom blinks!
Something hits you!
You die...

#.... #.... ######
#.... ...... #....#
#.... %...?.w
#.##.# #....
...[... ##....#
#.... .......
#@...## #....
.......###†##..#
#....
#.......##w###W#
#.... #....#.#g§#
#.### #####
#........####.W.###
#.............#...#
####..#######..##.#
#.. ##..#.# #...
##..W####


You could see a worm and a gnoll.

Vanquished Creatures
  A scorpion (D:4)
  A crimson imp (D:4)
  An orc priest (D:4)
  A worker ant (D:4)
  5 adders
  4 dart slugs
  A leopard gecko (D:2)
  3 orcs
  2 bats (D:2)
  A bat zombie (D:3)
  A giant cockroach (D:3)
  6 goblins
  6 hobgoblins
  9 jackals (D:1)
  2 quokkas (D:3)
  A ball python (D:1)
  4 frilled lizards
  4 kobolds
  A quokka skeleton (D:4)
  4 rats
  3 rat zombies (D:3)
61 creatures vanquished.

Notes
Turn   | Place    | Note
-------+----------+-------------------------------------------
     0 | D:1      | KristoblXynda the Draconian Berserker began the quest for
                  | the Orb.
     0 | D:1      | Reached XP level 1. HP: 19/19 MP: 1/1
    94 | D:1      | Reached XP level 2. HP: 7/26 MP: 2/2
   675 | D:1      | Reached ** piety under Trog
   697 | D:1      | Reached XP level 3. HP: 24/31 MP: 3/3
   899 | D:2      | Reached skill level 1 in Throwing
  1019 | D:2      | Found a blossoming altar of Fedhas.
  1072 | D:2      | Reached XP level 4. HP: 40/40 MP: 4/4
  1746 | D:3      | Found an ancient bone altar of Kikubaaqudgha.
  2251 | D:4      | Noticed an orc warrior
  2276 | D:4      | Reached XP level 5. HP: 35/46 MP: 5/5
  2295 | D:4      | HP: 1/46 [scorpion (9)]
  2572 | D:4      | Noticed a phantom
  2634 | D:4      | Slain by a gnoll

Levels and vault maps discovered:
D:1:      lightli_arrival_windingriver, layout_basic
D:2:      layout_rooms, fedhas_altar_1
D:3:      layout_loops_ring, lemuel_zombie_altar_kikubaaqudgha, hex_large,
          minmay_fractal_squares_gapless_5
D:4:      layout_rooms, first_ration, portal_sewer_entry_d,
          hangedman_decor_clover_reticule

Skill      XL: |  1  2  3  4  5 |
---------------+----------------+-----
Dodging        | 3 |  3.6
Throwing       | 1 2 |  2.0
Long Blades    | 4 |  4.7
Fighting       | 4 |  4.4

Action                   |  1- 3 |  4- 6 || total
-------------------------+-------+-------++-------
Melee: Falchion          |    84 |   109 ||   193
       Tailslap          |     8 |    19 ||    27
Invok: Berserk           |     2 |     1 ||     3
       Trog's Hand       |       |     1 ||     1
  Use: Scroll            |       |    10 ||    10
       Potion            |       |     4 ||     4
 Stab: Sleeping          |       |     1 ||     1
  Eat: Chunk             |     2 |     5 ||     7
       Ration            |       |     1 ||     1
Armor: Skin              |    40 |    32 ||    72
Dodge: Dodged            |    80 |    88 ||   168
Block: Other             |       |     8 ||     8
       Rpst.: Falchion   |    30 |    25 ||    55

Table legend:
 A = Non-vault XP
 B = Vault XP
 C = Vault XP percentage of total XP
 D = Non-vault monster count
 E = Vault monster count
 F = Vault count percentage of total count
                 A         B        C        D         E       F
            +---------+---------+-------+---------+---------+-------
      Total |     332 |      26 |   7.3 |      52 |       9 |  14.8
            +---------+---------+-------+---------+---------+-------
        D:1 |      44 |       0 |   0.0 |      24 |       0 |   0.0
        D:2 |      75 |       0 |   0.0 |      13 |       0 |   0.0
        D:3 |      18 |      26 |  59.1 |       9 |       9 |  50.0
        D:4 |     195 |       0 |   0.0 |       6 |       0 |   0.0
            +---------+---------+-------+---------+---------+-------
